 Dungeon Crawl Stone Soup version 0.30-a0-883-g5ad918d77d (webtiles) character file.

Game seed: 2980157051538865290

14013 jasper the Spear-Bearer (level 11, -5/86 HPs)
             Began as a Mummy Berserker on Mar 16, 2023.
             Was a High Priest of Trog.
             Killed from afar by a lindwurm (36 damage)
             ... with a blast of flame
             ... on level 3 of the Lair of Beasts.
             The game lasted 00:27:16 (12180 turns).

jasper the Spear-Bearer (Mummy Berserker)          Turns: 12180, Time: 00:27:17

Health: -5/86      AC: 21    Str: 26    XL:     11   Next: 83%
Magic:  11/11      EV:  6    Int:  6    God:    Trog [*****.]
Gold:   721        SH: 11    Dex: 11    Spells: 10/10 levels left

rFire   . . .      SeeInvis .    i - +0 trident
rCold   . . .      Faith    +    o - +2 kite shield
rNeg    + + +      Spirit   .    k - +0 plate armour
rPois   ∞          Reflect  .    p - +1 helmet
rElec   .          Rampage  .    y - +2 cloak
rCorr   .                        (no gloves)
Will    +++..                    C - +2 pair of boots {Fly} Stlth
                                 v - amulet of regeneration
HPRegen 2.14/turn                E - ring of fire
MPRegen 0.12/turn                (no ring)

@: strong-willed, flying, regenerating
A: cold resistance 1, negative energy resistance 3, torment resistance 2, heat
vulnerability 1, in touch with death 1, no potions, faith
a: Renounce Religion, Trog's Hand, Brothers in Arms


You were on level 3 of the Lair of Beasts.
You worshipped Trog.
Trog was extremely pleased with you.
You visited 2 branches of the dungeon, and saw 13 of its levels.

You collected 721 gold pieces.

Inventory:

Hand Weapons
 a - a +0 spear
 i - a +0 trident (weapon)
 n - the +6 sling of the Briny Deep {flame, rC- Str+6}
   (You found it on level 5 of the Dungeon)

   Str:       It affects your strength (+6).
   rC:        It makes you vulnerable to cold.
Missiles
 d - 107 stones (quivered)
 e - 22 poisoned darts
 s - 6 boomerangs
 t - 4 javelins
 x - a throwing net
 I - 2 curare-tipped darts
Armour
 b - a +0 animal skin
 c - a +0 ring mail
 g - a +0 chain mail
 k - a +0 plate armour (worn)
 l - a +1 cloak
 m - a +0 helmet
 o - a +2 kite shield (worn)
 p - a +1 helmet (worn)
 r - a +2 scale mail of cold resistance
 y - a +2 cloak (worn)
 C - a +2 pair of boots of flying (worn)
Jewellery
 v - an amulet of regeneration (around neck)
 E - a ring of fire (left hand)
Wands
 j - a wand of polymorph (20)
 z - a wand of flame (6)
 F - a wand of mindburst (4)
 J - a wand of acid (3)
Scrolls
 f - 2 scrolls of fog
 h - 5 scrolls of vulnerability
 q - 6 scrolls of identify
 u - 6 scrolls of teleportation
 w - a scroll of magic mapping
 A - a scroll of poison
 B - 2 scrolls of noise
 D - a scroll of fear
 G - a scroll of immolation
 H - a scroll of torment


   Skills:
 - Level 7.8 Fighting
 * Level 13.0 Polearms
 - Level 6.2 Armour
 - Level 1.5 Dodging
 - Level 5.1 Shields


You had 10 spell levels left.
You didn't know any spells.
Your spell library was empty.

Dungeon Overview and Level Annotations

Branches:
Dungeon (10/15)            Temple (0/1) D:6            Lair (3/5) D:8
 Shoals (0/4) Lair:2        Snake (0/4) Lair:2
    Orc: D:9-12

Altars:
Fedhas
Okawaru
Qazlal
Wu Jian

Annotations:
D:10 Urug


Innate Abilities, Weirdness & Mutations

You are immune to poison.
Your flesh is cold resistant. (rC+)
You are immune to negative energy. (rN+++)
You are immune to unholy pain and torment.
You are vulnerable to heat. (rF-)
You are in touch with the powers of death.
You do not drink.
You have a special connection with the divine. (Faith)


Message History

The lindwurm claws you but does no damage.
You block the lindwurm's attack.
You regained 2 hp, and now have 42/86 hp.
You closely miss the lindwurm.
The lindwurm is moderately wounded.
The lindwurm bites you!
The lindwurm claws you but does no damage.
You block the lindwurm's attack.
You take 6 damage, and have 36/86 hp.
You hit the lindwurm.
The lindwurm is moderately wounded.
The lindwurm bites you!
The lindwurm claws you but does no damage.
You block the lindwurm's attack.
You take 10 damage, and have 26/86 hp.
You puncture the lindwurm!
The lindwurm is moderately wounded.
The lindwurm bites you but does no damage.
The lindwurm barely misses you. You block the lindwurm's attack.
You completely miss the lindwurm.
The lindwurm is moderately wounded.
You block the lindwurm's attack. The lindwurm completely misses you.
You block the lindwurm's attack.
You regained 2 hp, and now have 29/86 hp.
You puncture the lindwurm!
The lindwurm is severely wounded.
You regained 2 hp, and now have 31/86 hp.
You hit the lindwurm.
The lindwurm is severely wounded.
You block the lindwurm's attack. x2
The lindwurm claws you but does no damage.
You hit the lindwurm but do no damage.
The lindwurm is severely wounded.
The lindwurm bites you. You block the lindwurm's attack. x2
You take 3 damage, and have 29/86 hp.
You hit the lindwurm.
The lindwurm is severely wounded.
The lindwurm breathes flames at you. The blast of flame hits you!!!
You die...

.... .... ..k.. ......
.......# ##### ###
#........####
##)#.####@###..........#P#
##.....:...k.<.............
#...................^......
##.........................
##.........................
#..........................
##.........................
#....................†.....
####.##.#.P.##........###.#


You could see a lindwurm (catching breath).

Vanquished Creatures
  A skyshark (Lair:3)
  Amaemon (Lair:3)
  3 harpies (Lair:2)
  Pikel (D:7)
  A black mamba (D:8)
  An orange demon (Lair:3)
  3 cane toads
  2 unseen horrors
  A rime drake (Lair:2)
  A komodo dragon (Lair:3)
  A merfolk (D:9)
  A polar bear (Lair:2)
  3 blink frogs (Lair:1)
  3 wyverns (Lair:2)
  Eustachio (D:5)
  11 yaks
  3 basilisks
  A steam dragon (D:8)
  Grum (D:8)
  2 vampire mosquitoes
  8 water moccasins
  An orc warrior (D:9)
  An ice beast (D:6)
  A black bear (D:4)
  2 ogres
  4 wolves
  3 centaurs
  A phantom (D:6)
  2 kobold brigands (D:9)
  12 bullfrogs
  A gnoll sergeant (D:6)
  5 scorpions
  3 killer bees (D:10)
  2 electric eels (Lair:1)
  2 hounds
  A jelly (D:7)
  9 orc priests
  2 sleepcaps
  An iguana (D:5)
  Natasha (D:4)
  15 orc wizards
  6 hell rats (Lair:2)
  Robin (D:4)
  9 gnolls
  9 adders
  A shadow imp (D:8)
  A white imp (D:5)
  An ufetubus (D:7)
  4 worms
  4 dart slugs
  34 orcs
  2 ball pythons
  7 endoplasms
  4 giant cockroaches
  15 goblins
  10 hobgoblins
  4 jackals (D:5)
  6 quokkas
  4 bats
  5 frilled lizards
  13 kobolds
  10 rats
269 creatures vanquished.

Vanquished Creatures (others)
  10 fungi
  7 plants
17 creatures vanquished.

Grand Total: 286 creatures vanquished

Notes
Turn   | Place    | Note
-------+----------+-------------------------------------------
     0 | D:1      | jasper the Mummy Berserker began the quest for the Orb.
     0 | D:1      | Reached XP level 1. HP: 18/18 MP: 1/1
   168 | D:1      | Reached XP level 2. HP: 18/24 MP: 2/2
   372 | D:1      | Reached ** piety under Trog
   463 | D:1      | Reached skill level 3 in Polearms
   549 | D:2      | Gained mutation: You are in touch with the powers of death.
                  | [Mummy growth]
   549 | D:2      | Reached XP level 3. HP: 29/29 MP: 3/3
  1483 | D:3      | Reached XP level 4. HP: 35/35 MP: 4/4
  1525 | D:3      | Found a stormy altar of Qazlal.
  1574 | D:3      | Found a faded altar of an unknown god.
  1682 | D:3      | Reached *** piety under Trog
  1719 | D:3      | You fall into a shaft and drop 1 floor!
  1895 | D:4      | Noticed a black bear
  1906 | D:4      | Killed a black bear
  1907 | D:4      | Reached skill level 4 in Polearms
  1907 | D:4      | Reached XP level 5. HP: 39/42 MP: 5/5
  1997 | D:4      | Noticed an ogre
  1998 | D:4      | Noticed Robin
  2010 | D:5      | Entered Level 5 of the Dungeon
  2151 | D:5      | Reached XP level 6. HP: 39/48 MP: 6/6
  2484 | D:5      | Identified the +6 sling of the Briny Deep {flame, rC-
                  | Str+6}
  2744 | D:5      | Reached XP level 7. HP: 55/55 MP: 7/7
  2788 | D:5      | Reached skill level 5 in Polearms
  2901 | D:6      | Noticed Eustachio
  2922 | D:5      | Killed Eustachio
  2923 | D:5      | Reached skill level 1 in Shields
  3006 | D:6      | Reached skill level 5 in Fighting
  3113 | D:6      | Found an ornate altar of the Wu Jian Council.
  3154 | D:6      | Reached XP level 8. HP: 46/62 MP: 8/8
  3365 | D:6      | Found a staircase to the Ecumenical Temple.
  3425 | D:6      | Reached **** piety under Trog
  3813 | D:6      | Reached skill level 6 in Polearms
  3931 | D:7      | Noticed Pikel
  3955 | D:7      | Killed Pikel
  4676 | D:7      | Reached skill level 7 in Polearms
  4676 | D:7      | Reached XP level 9. HP: 69/69 MP: 9/9
  4870 | D:8      | Noticed Grum
  5137 | D:8      | Reached skill level 5 in Armour
  5155 | D:8      | Found a staircase to the Lair.
  5391 | D:8      | Found an iron altar of Okawaru.
  5433 | D:8      | Killed Grum
  5742 | D:8      | Reached skill level 8 in Polearms
  6265 | D:9      | Reached XP level 10. HP: 62/79 MP: 10/10
  6864 | D:9      | Found a blossoming altar of Fedhas.
  7120 | D:9      | HP: 2/79 [merfolk/+0 spear (11)]
  7697 | D:10     | Entered Level 10 of the Dungeon
  7722 | D:10     | Noticed a two-headed ogre
  8098 | D:10     | Reached skill level 9 in Polearms
  8098 | D:10     | Reached skill level 5 in Shields
  8326 | D:10     | Noticed Urug
  8642 | D:4      | Noticed Natasha
  8654 | D:4      | Killed Natasha
  8796 | D:4      | Killed Robin
  8955 | D:4      | Reached ***** piety under Trog
  9823 | Lair:1   | Entered Level 1 of the Lair of Beasts
  9823 | Lair:1   | Noticed a black mamba
  9834 | D:8      | Killed a black mamba
 10020 | Lair:1   | Noticed a cane toad
 10039 | Lair:1   | Killed a cane toad
 10040 | Lair:1   | Reached skill level 10 in Polearms
 10203 | Lair:1   | Identified a scroll of acquirement
 10204 | Lair:1   | Acquired a +2 pair of boots of flying
 10220 | Lair:1   | You are sucked into a shaft and drop 1 floor!
 10223 | Lair:2   | Noticed a cane toad
 10242 | Lair:2   | Killed a cane toad
 11000 | Lair:2   | Reached XP level 11. HP: 85/86 MP: 11/11
 11172 | Lair:2   | Noticed a harpy
 11180 | Lair:2   | Killed a harpy
 11181 | Lair:2   | Reached skill level 11 in Polearms
 11185 | Lair:2   | Noticed a harpy
 11199 | Lair:2   | Killed a harpy
 11210 | Lair:2   | Noticed a harpy
 11222 | Lair:2   | Killed a harpy
 11233 | Lair:2   | Found a staircase to the Shoals.
 11256 | Lair:2   | Found a staircase to the Snake Pit.
 11353 | Lair:2   | Received a gift from Trog
 11561 | Lair:2   | Reached skill level 12 in Polearms
 11809 | Lair:3   | Noticed a skyshark
 11822 | Lair:3   | Killed a skyshark
 12026 | Lair:3   | Noticed Amaemon
 12106 | Lair:3   | Killed Amaemon
 12107 | Lair:3   | Reached skill level 13 in Polearms
 12153 | Lair:3   | Noticed a lindwurm
 12180 | Lair:3   | Killed from afar by a lindwurm

Illustrated notes

Levels and vault maps discovered:
D:1:      minmay_arrival_five_plusses, layout_rooms, minmay_misc_feat_doors
D:2:      layout_rooms
D:3:      layout_loops_ring, mainiacjoe_overflow_concentric_impassable,
          serial_aquarium, aquarium_bridge_square [aquarium_subvault_bridge,
          aquarium_subvault_wall, aquarium_subvault_wall,
          aquarium_subvault_bridge], aquarium_window_corridor_1,
          aquarium_window_double, aquarium_view_2e, aquarium_balcony_3a,
          dreamdust_ecumenical_altar_statues, minivault_5,
          wander_ebering_terrifying_dragon_lair
D:4:      layout_basic, gup_sewer_entry_glass, serial_rivers,
          chequers_serial_rivers_room_b, chequers_serial_rivers_small_b,
          chequers_serial_rivers_room_b, chequers_serial_rivers_large_b,
          hex_intersection, kennysheep_generic_room_8, uniq_robin, uniq_natasha
D:5:      minmay_skewed_foursquare, layout_basic, serial_aquarium,
          aquarium_bridge_straight [aquarium_subvault_bridge,
          aquarium_subvault_window, aquarium_subvault_bridge,
          aquarium_subvault_wall], aquarium_window_1, aquarium_window_fake,
          aquarium_window_fake, aquarium_window_1, aquarium_view_2e,
          aquarium_view_2f, aquarium_balcony_3b
D:6:      layout_loops_ring, kennysheep_mini, temple_green,
          kennysheep_generic_room_11, uniq_eustachio
D:7:      layout_loops_ring, eino_tiny_chamber, dk_vineyard_3, uniq_pikel
D:8:      layout_layer_cave, okawaru_ov_weapons_minmay, lair_entry_dummy,
          grunt_ministairs_2, uniq_grum
D:9:      layout_irregular_city, fedhas_ov_isle_minmay, hangedman_fish_farm
D:10:     layout_loops_corners, minmay_radiant, uniq_fannar, uniq_urug
Lair:1:   layout_long_grid, infiniplex_staircase_pool, lemuel_fruit_tree,
          serial_bayou_shore_a
Lair:2:   layout_long_grid, nicolae_shoals_entry_roost,
          nicolae_snake_entry_warm_welcome
Lair:3:   layout_big_grid, fungi_pond_lemuel, uniq_amaemon

Skill      XL: |  1  2  3  4  5  6  7  8  9 10 11 |
---------------+----------------------------------+-----
Polearms       | 3 4 5 7 8 10 13 | 13.0
Armour         | 2 3 4 5 6 |  6.2
Fighting       | 4 5 6 7 |  7.8
Shields        | 1 3 4 5 |  5.1
Dodging        | |  1.5

Action                     |  1- 3 |  4- 6 |  7- 9 | 10-12 || total
---------------------------+-------+-------+-------+-------++-------
  Melee: Spear             |    90 |       |       |       ||    90
         Trident           |    77 |   147 |    17 |   690 ||   931
         Punch             |       |     2 |       |       ||     2
   Fire: Sling             |       |    16 |   304 |   147 ||   467
  Throw: Stone             |     7 |     8 |       |    16 ||    31
         Dart              |       |     2 |       |       ||     2
         Javelin           |       |       |       |     4 ||     4
 Invoke: Trog's Hand       |       |     2 |    11 |    11 ||    24
  Evoke: Wand              |       |       |       |    19 ||    19
    Use: Scroll            |     4 |       |     1 |    10 ||    15
 Armour: Ring mail         |    43 |    37 |       |       ||    80
         Chain mail        |       |    19 |    65 |       ||    84
         Plate armour      |       |       |   178 |   551 ||   729
  Dodge: Dodged            |    55 |    76 |    96 |   203 ||   430
  Block: Kite shield       |       |     5 |   188 |   489 ||   682

Table legend: (Time is in decaauts)
 A = Elapsed time spent in this place.
 B = Non-inter-level travel time spent in this place.
 C = Inter-level travel time spent in this place.
 D = Time resting spent in this place.
 E = Time spent auto-exploring this place.
 F = Levels seen in this place.
 G = Mean time per level.
                   A        B        C        D        E       F      G
               +--------+--------+--------+--------+--------+-----+--------+
         Total |  12641 |  11873 |    768 |   1435 |   7070 |  13 |  972.4 |
       Dungeon |  10493 |   9805 |    688 |    972 |   6241 |  10 | 1049.3 |
          Lair |   2148 |   2069 |     79 |    463 |    829 |   3 |  716.0 |
               +--------+--------+--------+--------+--------+-----+--------+

Top non-repeatable levels by time:
     D:9: 1865 daAuts
     D:8: 1626 daAuts
     D:7: 1221 daAuts
  Lair:1: 1051 daAuts
     D:6: 1035 daAuts
     D:5: 1023 daAuts
     D:4: 1015 daAuts
     D:2: 869 daAuts
     D:3: 859 daAuts
  Lair:2: 639 daAuts
     D:1: 529 daAuts
  Lair:3: 457 daAuts
    D:10: 446 daAuts
